 Seeded DCSS version 0.29-a0-409-gd843f3a48c (webtiles) character file.

Game seed: 17930253926559947122 (custom seed)

27 zeratav the Digger (level 3, 21/21 HPs)
             Began as an Octopode Earth Elementalist on May 14, 2022.
             Was a Follower of Makhleb.
             Quit the game on level 1 of the Dungeon.
             The game lasted 00:01:57 (1648 turns).

zeratav the Digger (Octopode Earth Elementalist)    Turns: 1648, Time: 00:01:57

Health: 21/21      AC:  1    Str:  7    XL:     3   Next: 10%
Magic:  6/6        EV: 13    Int: 19    God:    Makhleb [*.....]
Gold:   0          SH:  0    Dex: 12    Spells: 5/6 levels left

rFire   . . .      SeeInvis .   e - +0 short sword {short}
rCold   . . .      Faith    .   (no shield)
rNeg    . . .      Spirit   .   (helmet restricted)
rPois   .          Reflect  .   (no amulet)
rElec   .          Harm     .   (no ring)
rCorr   .          Rampage  .   (no ring)
Will    .....                   (no ring)
Stlth   +++.......              (no ring)
HPRegen 0.07/turn               (no ring)
MPRegen 0.10/turn               (no ring)
                                (no ring)
                                (no ring)

@: no status effects
A: almost no armour, amphibious, 8 rings, camouflage 1, gelatinous body 1,
(nimble swimmer 1), tentacles
a: Renounce Religion


You were on level 1 of the Dungeon.
You worshipped Makhleb.
Makhleb was aware of your devotion.
You visited 1 branch of the dungeon, and saw 1 of its levels.


Innate Abilities, Weirdness & Mutations

You cannot wear most types of armour.
You are amphibious.
You can wear up to eight rings at the same time.
Your skin changes colour to match your surroundings (Stealth+).
Your rubbery body absorbs attacks. (AC +1, EV +1)
((You are camouflaged when in or above water. (Stealth+)))
You have tentacles for arms and can constrict up to eight enemies at once.


   Skills:
 - Level 2.0 Dodging
 - Level 2.6 Stealth
 + Level 2.4 Spellcasting
 - Level 1.0 Transmutations
 * Level 3.8 Earth Magic


You had 5 spell levels left.
You knew the following spells:

 Your Spells              Type           Power      Damage    Failure   Level
a - Sandblast             Erth           34%        2d9       3%          1

Your spell library contained the following spells:

 Spells                   Type           Power      Damage    Failure   Level
 Passwall                 Tmut/Erth      9%         N/A       9%          2
 Animate Skeleton         Necr           4%         N/A       16%         1
 Pain                     Necr           8%         1d4       16%         1
 Stone Arrow              Conj/Erth      18%        3d8       22%         3
 Vampiric Draining        Necr           2%         2d6       43%         3
 Petrify                  Tmut/Erth      11%        N/A       52%         4

Inventory:

Hand Weapons
 e - a +0 short sword (weapon) {short}
   (You took it off a kobold on level 1 of the Dungeon)
Missiles
 a - 93 stones {throwing}
Jewellery
 j - an amulet of the acrobat
   (You found it on level 1 of the Dungeon)
Scrolls
 d - a scroll of noise {unknown}
 f - a scroll of enchant weapon {unknown}
 g - a scroll of brand weapon {unknown}
 k - a scroll of enchant armour {unknown}
Potions
 b - a potion of magic
 c - 2 potions of curing {unknown}
 h - a potion of berserk rage {unknown}
 i - 2 potions of brilliance {unknown}

Dungeon Overview and Level Annotations

Branches:
Dungeon (1/15)

Altars:
Makhleb

#.##############..#.####.####
#............###..### #.# #
#...##########♣....♣###### ##
#.≈...####..........PP8.####.
#..≈≈.##...............P..#..
####..≈≈.######.########'######.
#....≈.≈..##.......##.8P...♣ ##.
#.........##......♣##..P.P.♣##..
##........##..P@..♣ #♣....8.##..
#.#..########.⌠.######...#####.
#.#..# #.######....#####.# #.
#.#..# ##.#.#.##...#.#.##.# #.
#.#..# #.............#.##.###.
#.#..# #..#.#.................
#.#.## #..#.#####.##.#..#####.
#.#.# #..#.# #.##.#..#####.
#.#.# #..#.#####>............


There were no monsters in sight!


Message History

No target in view!
Things that are here:
a +0 club {mace}; a goblin corpse
There is an open door here.
You open the door.
There is an open door here.
j - an amulet of the acrobat A bat comes into view.
A bat is nearby!
The helpless bat fails to defend itself.
You hit the bat.
You kill the bat!
No target in view!
No target in view!
No target in view!
No target in view!
No target in view!
No target in view!
No target in view!
No target in view!
No target in view!
No target in view!
No target in view!
No target in view!
No target in view!
No target in view!
No target in view!
A giant cockroach comes into view.
You see here 19 stones {throwing}.
A giant cockroach is nearby!
a - 69 stones {throwing} (gained 19)
A frilled lizard comes into view.
The helpless frilled lizard fails to defend itself.
You hit the frilled lizard.
You kill the frilled lizard!
The helpless giant cockroach fails to defend itself.
You hit the giant cockroach. You grab the giant cockroach.
You constrict the giant cockroach, but do no damage.
The giant cockroach bites you. The giant cockroach misses you.
HP[-1]
You take 1 damage, and now have 16/17 hp.
You hit the giant cockroach.
You kill the giant cockroach!
You have reached level 3!
Your experience leads to an increase in your attributes!
Increase (S)trength, (I)ntelligence, or (D)exterity?
You feel clever. x2
HP[+3] MP[+1]
You now have 21 max hp (+4).
You regained 3 hp, and now have 19/21 hp.
Your mp is fully restored (6).
a - 93 stones {throwing} (gained 24)
A dart slug comes into view.
HP[+2]
Your hp is fully restored (21).
A dart slug is nearby!
The dart slug launches a dart at you. The slug dart hits you.
HP[-2]
You take 2 damage, and now have 19/21 hp.
You hit the dart slug. You grab the dart slug. You constrict the dart slug.
The dart slug bites you.
HP[-3]
You take 3 damage, and now have 16/21 hp.
You hit the dart slug. You squeeze the dart slug.
You kill the dart slug!
No target in view!
No target in view!
No target in view!
No target in view!
No target in view!
No target in view!
No target in view!
No target in view!
No target in view!
No target in view!
No target in view!
No target in view!
You see here a dart slug corpse.
You pick up a book of Necromancy and begin reading...
You add the spells Pain, Animate Skeleton and Vampiric Draining to your library.
HP[+5]
Your hp is fully restored (21).
There is an open door here.
Found a stone staircase leading down.
k - a scroll labelled YTOULL IHYA
There is a stone staircase leading down here.
Done exploring.
Done exploring.
Search for what [? for help]? altar Key pressed, stopping travel.
Unknown command.
Search for what [Enter for "altar", or ? for help]? altar
There is an open door here.
There is a faded altar of an unknown god here.
You cannot tell which god this altar belongs to.
Convert to them anyway?
Makhleb accepts your prayer! Makhleb welcomes you!
You can now gain health from killing.
Are you sure you want to abandon this character and quit the game? (Confirm with "yes".)

Action                   || total
-------------------------++-------
Melee: Club              ||     8
       Constrict         ||    11
       Short sword       ||    34
       Tentacles         ||     6
Throw: Dart              ||     2
       Stone             ||     2
 Cast: Sandblast         ||     5
 Stab: Sleeping          ||     6
Armor: Skin              ||     3
Dodge: Dodged            ||    24

Levels and vault maps discovered:
D:1:      dpeg_arrival_yet_another_circle, layout_basic, serial_rivers,
          chequers_serial_rivers_small_b, chequers_serial_rivers_large_b,
          chequers_serial_rivers_micro_b, chequers_serial_rivers_room_b,
          chequers_serial_rivers_micro_c, chequers_serial_rivers_large_a,
          chequers_ecumenical_altar_lobes

Notes
Turn   | Place    | Note
-------+----------+-------------------------------------------
     0 | D:1      | zeratav the Octopode Earth Elementalist began the quest for
                  | the Orb.
     0 | D:1      | Reached XP level 1. HP: 11/11 MP: 3/3
     0 | D:1      | magus.rc [v1.9.6]
    88 | D:1      | HP: 2/11 [kobold/+0 short sword (4)]
   114 | D:1      | HP: 2/11 [kobold/stone (1)]
   119 | D:1      | Reached XP level 2. HP: 4/17 MP: 0/5
   717 | D:1      | Found a faded altar of an unknown god.
  1079 | D:1      | Reached XP level 3. HP: 19/21 MP: 6/6
  1369 | D:1      | You pick up a book of Necromancy and begin reading...
  1369 | D:1      | You add the spells Pain, Animate Skeleton and Vampiric
                  | Draining to your library.
  1647 | D:1      | Prayed at the altar of an unknown god.
  1647 | D:1      | Became a worshipper of Makhleb the Destroyer
  1647 | D:1      | Reached * piety under Makhleb
  1648 | D:1      | Quit the game

Vanquished Creatures
  2 dart slugs (D:1)
  2 bats (D:1)
  An endoplasm (D:1)
  A giant cockroach (D:1)
  2 goblins (D:1)
  3 hobgoblins (D:1)
  2 frilled lizards (D:1)
  5 kobolds (D:1)
  5 rats (D:1)
23 creatures vanquished.

Table legend:
 A = Non-vault XP
 B = Vault XP
 C = Vault XP percentage of total XP
 D = Non-vault monster count
 E = Vault monster count
 F = Vault count percentage of total count
                 A         B        C        D         E       F
            +---------+---------+-------+---------+---------+-------
      Total |      39 |       0 |   0.0 |      23 |       0 |   0.0
            +---------+---------+-------+---------+---------+-------
        D:1 |      39 |       0 |   0.0 |      23 |       0 |   0.0
            +---------+---------+-------+---------+---------+-------

Illustrated notes

Table legend:
 A = Kills in this place as a percentage of kills in entire the game.
 B = Kills by you in this place as a percentage of kills by you in the entire game.
 C = Kills by friends in this place as a percentage of kills by friends in the entire game.
 D = Other kills in this place as a percentage of other kills in the entire game.
 E = Experience gained in this place as a percentage of experience gained in the entire game.
 F = Experience gained in this place divided by the number of levels of this place that you have seen.
                   A       B       C       D       E      F
               +-------+-------+-------+-------+-------+----------------------
         Total | 100.0 | 100.0 |   N/A |   N/A | 100.0 |  39.0
       Dungeon | 100.0 | 100.0 |   N/A |   N/A | 100.0 |  39.0
               +-------+-------+-------+-------+-------+----------------------

Table legend: (Time is in decaauts)
 A = Elapsed time spent in this place.
 B = Non-inter-level travel time spent in this place.
 C = Inter-level travel time spent in this place.
 D = Time resting spent in this place.
 E = Time spent auto-exploring this place.
 F = Levels seen in this place.
 G = Mean time per level.
                   A        B        C        D        E       F      G
               +--------+--------+--------+--------+--------+-----+--------+
         Total |   1653 |   1528 |    125 |    268 |   1098 |   1 | 1653.0 |
       Dungeon |   1653 |   1528 |    125 |    268 |   1098 |   1 | 1653.0 |
               +--------+--------+--------+--------+--------+-----+--------+

Top non-repeatable levels by time:
     D:1: 1653 daAuts
